 Dungeon Crawl Stone Soup version 0.31.0-32-g396128a36d (webtiles) character file.

Game seed: 7480710277045312610

63 BigDaddyOpFi the Chiller (level 4, 0/33 HPs)
             Began as a Ghoul Ice Elementalist on Mar 22, 2024.
             Slain by Natasha (4 damage)
             ... on level 2 of the Dungeon.
             The game lasted 00:02:29 (2434 turns).

BigDaddyOpFi the Chiller (Ghoul Ice Elementalist)   Turns: 2434, Time: 00:02:29

Health: 0/33       AC:  5    Str: 11    XL:     4   Next: 9%
Magic:  5/8        EV: 12    Int: 16    God:
Gold:   105        SH:  0    Dex:  9    Spells: 7/8 levels left

rFire   . . .        d - +1 club (spect)
rCold   + . .        (no shield)
rNeg    + + +        a - +0 robe
rPois   ∞            h - +2 helmet
rElec   .            (no cloak)
rCorr   .            (no gloves)
SInv    .            (no boots)
Will    .....        (no amulet)
Stlth   ++           (no ring)
HPRegen 0.00/turn    (no ring)
MPRegen 0.11/turn

%: no passive effects
@: inhibited regen, slowed, very slow
A: claws 1, cold resistance 1, negative energy resistance 3, inhibited
regeneration, torment resistance 2, devour on kill
a: no special abilities


You were on level 2 of the Dungeon.
You visited 1 branch of the dungeon, and saw 2 of its levels.

You collected 105 gold pieces.

Inventory:

Hand Weapons
 d - a +1 spectral club (weapon)
Armour
 a - a +0 robe (worn)
 g - a +0 animal skin
 h - a +2 helmet (worn)
Jewellery
 c - an amulet of guardian spirit
Scrolls
 f - a scroll of enchant weapon
 i - a scroll of noise
 j - a scroll of teleportation {unknown}
Potions
 b - a potion of magic


   Skills:
 - Level 2.0 Dodging
 - Level 2.5 Stealth
 * Level 2.9 Spellcasting
 + Level 5.0 Ice Magic


You had 7 spell levels left.
You knew the following spells:

 Your Spells              Type           Power      Damage    Failure   Level
a - Freeze                Ice            72%        1d8       2%          1

Your spell library contained the following spells:

 Spells                   Type           Power      Damage    Failure   Level
 Frozen Ramparts          Ice            36%        1d6       8%          3
 Ozocubu's Armour         Ice            18%        N/A       8%          3
 Summon Ice Beast         Ice/Summ       10%        N/A       21%         3


Dungeon Overview and Level Annotations

Branches:
Dungeon (2/15)

Altars:

Annotations:
D:2 Natasha


Innate Abilities, Weirdness & Mutations

You are immune to poison.
You have sharp fingernails.
Your flesh is cold resistant. (rC+)
You are immune to negative energy. (rN+++)
You do not regenerate when monsters are visible.
You are immune to unholy pain and torment.
You thrive by killing the living.


Message History

The magic dart hits you! Natasha claws you.
You hit Natasha but do no damage.
Your +0 spectral club barely misses Natasha.
Natasha claws you. x2
You freeze Natasha.
Natasha is lightly wounded.
Your +0 spectral club disappears.
Natasha claws you but does no damage. Natasha barely misses you.
You freeze Natasha.
Natasha is lightly wounded.
Natasha howls an incantation.
You feel disoriented. Natasha completely misses you.
You freeze Natasha.
Natasha is heavily wounded.
Natasha claws you. Natasha claws you!
* * * LOW HITPOINT WARNING * * *
You are too injured to fight recklessly!
You are too injured to fight recklessly!
You barely miss Natasha.
Natasha is heavily wounded.
Your +0 spectral club barely misses Natasha.
Natasha claws you but does no damage.
Natasha mumbles some strange words.
Natasha's front paws start to glow.
Natasha claws you.
* * * LOW HITPOINT WARNING * * *
Unknown command.
Okay, then.
As you read the scroll labelled KOCZUJAQIE, it crumbles to dust.
It is a scroll of enchant weapon.
Your +0 spectral club glows red for a moment.
Your +0 spectral club disappears.
Natasha misses you.
As you read the scroll labelled CIUNUTIDGHAP, it crumbles to dust.
It is a scroll of identify.
i - a scroll of noise Natasha claws you.
You die...
Natasha curls up and begins to purr.

.........##..........##..#.#
#...).#.#................#.#
#.....#.#.............#
#.....#......#+#..?...#
#.....###............#
......###..........#+##.
.........###............
.................>......
................@.......
.............#...h......
......##.....#..........
.....###.....#..........
.....# #.....#..........
.....# #.....#..........
...### #.....#..........
#### #.....#.....#####


You could see Natasha.

Vanquished Creatures
  Robin (D:2)
  An adder (D:2)
  2 dart slugs (D:1)
  4 ball pythons
  2 giant cockroaches (D:1)
  10 goblins
  4 hobgoblins (D:1)
  3 jackals (D:1)
  2 quokkas (D:2)
  2 bats (D:1)
  A frilled lizard (D:1)
  2 kobolds (D:1)
  A rat (D:1)
35 creatures vanquished.

Notes
Turn   | Place    | Note
-------+----------+-------------------------------------------
     0 | D:1      | BigDaddyOpFi the Ghoul Ice Elementalist began the quest for
                  | the Orb.
     0 | D:1      | Reached XP level 1. HP: 14/14 MP: 3/3
   196 | D:1      | Reached XP level 2. HP: 20/20 MP: 1/4
  1083 | D:2      | Reached XP level 3. HP: 14/26 MP: 2/6
  1193 | D:2      | Noticed Robin
  2009 | D:2      | Killed Robin
  2183 | D:2      | Reached skill level 5 in Ice Magic
  2183 | D:2      | Reached XP level 4. HP: 26/33 MP: 4/8
  2421 | D:2      | Noticed Natasha
  2434 | D:2      | Slain by Natasha

Illustrated notes

Levels and vault maps discovered:
D:1:      eino_arrival_cavern_d, layout_basic
D:2:      layout_basic, serial_shops, nicolae_shop_peninsula, uniq_natasha,
          uniq_robin, uniq_sigmund

Skill      XL: |  1  2  3 |
---------------+----------+-----
Dodging        | 2 |  2.0
Spellcasting   | 2 |  2.9
Ice Magic      | 5 |  5.0
Stealth        | |  2.5

Action                     |  1- 3 |  4- 6 || total
---------------------------+-------+-------++-------
  Melee: Unarmed           |    11 |       ||    11
         Club              |       |     4 ||     4
   Cast: Freeze            |    56 |     7 ||    63
    Use: Potion            |     1 |       ||     1
         Scroll            |       |     2 ||     2
 Armour: Robe              |    61 |    12 ||    73
  Dodge: Dodged            |    75 |     7 ||    82
